 Dungeon Crawl Stone Soup version 0.30-a0-596-g0af90f9a20 (webtiles) character file.

Game seed: 782045259302947817

39 gelatine the Firebug (level 3, -10/24 HPs)
             Began as a Demonspawn Fire Elementalist on Jan 7, 2023.
             Mangled by Sigmund
             ... wielding a +0 scythe
              (12 damage)
             ... on level 2 of the Dungeon.
             The game lasted 00:03:59 (1787 turns).

gelatine the Firebug (Demonspawn Fire Elementalist) Turns: 1787, Time: 00:04:00

Health: -10/24     AC:  2    Str:  8    XL:     3   Next: 28%
Magic:  6/6        EV: 12    Int: 18    God:
Gold:   84         SH:  0    Dex: 13    Spells: 4/7 levels left

rFire   . . .      SeeInvis .    c - +1 dagger (drain)
rCold   . . .      Faith    .    (no shield)
rNeg    . . .      Spirit   .    a - +0 robe
rPois   .          Reflect  .    (no helmet)
rElec   .          Harm     .    (no cloak)
rCorr   .          Rampage  .    (no gloves)
Will    .....                    (no boots)
Stlth   +                        (no amulet)
HPRegen 0.24/turn                (no ring)
MPRegen 0.10/turn                (no ring)

@: confused
A: claws 1
a: no special abilities


You were on level 2 of the Dungeon.
You visited 1 branch of the dungeon, and saw 2 of its levels.

You collected 84 gold pieces.

Inventory:

Hand Weapons
 c - a +1 dagger of draining (weapon)
Armour
 a - a +0 robe (worn)
 h - a +0 pair of gloves
Wands
 j - a wand of mindburst (7)
Scrolls
 d - a scroll of vulnerability {unknown}
 e - 3 scrolls of identify {unknown}
 g - 2 scrolls of teleportation {unknown}
 i - a scroll of enchant armour {unknown}
Potions
 b - a potion of magic
 f - 2 potions of heal wounds {unknown}
 k - a potion of lignification {unknown}


   Skills:
 + Level 0.1 Fighting
 + Level 2.1 Dodging
 + Level 1.8 Stealth
 + Level 2.5 Spellcasting
 + Level 1.3 Conjurations
 + Level 3.1 Fire Magic


You had 4 spell levels left.
You knew the following spells:

 Your Spells              Type           Power      Damage    Failure   Level
a - Foxfire               Conj/Fire      40%        2x1d6     7%          1
b - Scorch                Fire           26%        2d6       7%          2

Your spell library contained the following spells:

 Spells                   Type           Power      Damage    Failure   Level
 Inner Flame              Hex/Fire       8%         N/A       26%         3
 Kindle Blastsparks       Fire/Tloc/Air  12%        2d11      32%         3
 Flame Wave               Conj/Fire      10%        2d6       54%         4


Dungeon Overview and Level Annotations

Branches:
Dungeon (2/15)

Altars:

Shops:
D:2 *

Annotations:
D:2 Sigmund


Innate Abilities, Weirdness & Mutations

You have sharp fingernails.


Message History

You completely miss the worm.
The worm is almost dead.
The worm closely misses you.
You hit the worm. You drain the worm.
You kill the worm!
Your magical contamination has completely faded away.
You see here a worm corpse.
HP restored.
You see here 4 stones.
k - a lumpy puce potion Sigmund the Dreaded comes into view.
He is wielding a +0 scythe.
Sigmund shouts!
Sigmund gestures wildly while chanting.
Sigmund flickers and vanishes!
Deactivating autopickup; reactivate with Ctrl-A.
There is a strange disturbance nearby!
There is a strange disturbance nearby!
There is a strange disturbance nearby!
There is a strange disturbance nearby!
There is a strange disturbance nearby!
Something hits you but does no damage. Something hits you!
You completely miss something. You barely miss something. Something hits you.
You hit something. Something hits you.
You barely miss something. You hit something but do no damage.
You hear some strange, mumbled words.
A magic dart appears from out of thin air!
The magic dart hits you.
* * * LOW HITPOINT WARNING * * *
You closely miss something. Something hits you.
* * * LOW HITPOINT WARNING * * *
You hit something.
You hear some strange, mumbled words.
You are confused.
You barely miss something. Something barely misses you. Something hits you!
Ouch! That really hurt!
You die...

.#.# #.#.# ##...####
#.....[.# ##### #.......#
##...## #.......####.{...#
#
#................##########
.
#.......####.@...#.........
# #.......#
##...##.#######.
####.......# ##........#
.>........## #####.##.#
######....# ##.##.#
###.†..## #######...#.#
###.......# #.......#...#
#.........# #.#####...###
#.#.......# #.######.##


There were no monsters in sight!

Vanquished Creatures
  2 worms (D:2)
  4 bats (D:1)
  4 endoplasms (D:1)
  A giant cockroach (D:1)
  3 goblins
  3 hobgoblins
  A quokka (D:1)
  4 ball pythons (D:1)
  4 frilled lizards (D:1)
  3 kobolds
  2 rats (D:1)
31 creatures vanquished.

Vanquished Creatures (others)
  82 foxfires
82 creatures vanquished.

Grand Total: 113 creatures vanquished

Notes
Turn   | Place    | Note
-------+----------+-------------------------------------------
     0 | D:1      | gelatine the Demonspawn Fire Elementalist began the quest
                  | for the Orb.
     0 | D:1      | Reached XP level 1. HP: 13/13 MP: 3/3
   263 | D:1      | Gained mutation: You have sharp fingernails. [demonic
                  | ancestry]
   263 | D:1      | Reached XP level 2. HP: 19/19 MP: 0/5
   443 | D:1      | Reached skill level 3 in Fire Magic
   491 | D:1      | Learned a level 2 spell: Scorch
  1472 | D:2      | Found Natu's General Store.
  1489 | D:2      | Reached XP level 3. HP: 24/24 MP: 2/6
  1774 | D:2      | Noticed Sigmund
  1783 | D:2      | HP: 1/24 [something (2)]
  1787 | D:2      | Mangled by Sigmund

Illustrated notes

Levels and vault maps discovered:
D:1:      dpeg_arrival_tiny_i, layout_basic, minmay_tripent
D:2:      layout_loops_ring, serial_shops, nicolae_shop_waterfront,
          minmay_tromino_v4_c, uniq_sigmund

Skill      XL: |  1  2 |
---------------+-------+-----
Dodging        | 2 |  2.1
Fire Magic     | 3 |  3.1
Fighting       | |  0.1
Stealth        | |  1.8
Spellcasting   | |  2.5
Conjurations   | |  1.3

Action                   || total
-------------------------++-------
Melee: Unarmed           ||     6
       Dagger            ||    35
 Cast: Foxfire           ||    51
       Scorch            ||     1
 Stab: Sleeping          ||     1
Armor: Robe              ||     7
Dodge: Dodged            ||    29

Table legend: (Time is in decaauts)
 A = Elapsed time spent in this place.
 B = Non-inter-level travel time spent in this place.
 C = Inter-level travel time spent in this place.
 D = Time resting spent in this place.
 E = Time spent auto-exploring this place.
 F = Levels seen in this place.
 G = Mean time per level.
                   A        B        C        D        E       F      G
               +--------+--------+--------+--------+--------+-----+--------+
         Total |   1786 |   1755 |     31 |      0 |   1509 |   2 |  893.0 |
       Dungeon |   1786 |   1755 |     31 |      0 |   1509 |   2 |  893.0 |
               +--------+--------+--------+--------+--------+-----+--------+

Top non-repeatable levels by time:
     D:1: 1462 daAuts
     D:2: 324 daAuts
